 Dungeon Crawl Stone Soup version 0.28.0-43-g3370ac3207 (webtiles) character file.

Game seed: 7982640970188054261

42179 CryoSword the Grappler (level 13, -12/130 HPs)
             Began as a Troll Transmuter on Mar 20, 2022.
             Was a Follower of Uskayaw.
             Shot with an arrow by Nessos (29 damage)
             ... on level 6 of the Lair of Beasts.
             The game lasted 00:40:29 (18627 turns).

CryoSword the Grappler (Troll Transmuter)          Turns: 18627, Time: 00:40:29

Health: -12/130    AC: 21    Str: 21    XL:     13   Next: 84%
Magic:  16/16      EV:  9    Int: 13    God:    Uskayaw [*.....]
Gold:   502        SH:  5    Dex: 10    Spells: 13/16 levels left

rFire   + . .      SeeInvis .     - Unarmed
rCold   . . .      Faith    .   (no shield)
rNeg    + . .      Spirit   .   A - +1 pearl dragon scales
rPois   .          Reflect  +   m - +2 hat
rElec   .          Harm     .   H - +2 cloak
rCorr   .          Rampage  .   (gloves unavailable)
Will    .....                   (boots unavailable)
Stlth   ..........              F - amulet of reflection
HPRegen 1.11/turn               q - ring of flight
MPRegen 0.15/turn               y - ring of protection from fire

@: flying
A: large, unfitting armour, claws 3, regeneration 1, shaggy fur 1, tough skin 1
a: Renounce Religion, Stomp


You were on level 6 of the Lair of Beasts.
You worshipped Uskayaw.
Uskayaw was noncommittal.
You visited 3 branches of the dungeon, and saw 21 of its levels.

You collected 1001 gold pieces.
You spent 499 gold pieces at shops.

Inventory:

Hand Weapons
 w - a +6 hand axe of flaming
   (You took it off an orc on level 8 of the Dungeon)
Missiles
 k - 21 poisoned darts
 o - 6 boomerangs
 u - a throwing net
 L - 4 curare-tipped darts (quivered)
 O - 5 large rocks
Armour
 m - a +2 hat (worn)
   (You found it on level 5 of the Dungeon)
 A - +1 pearl dragon scales (worn)
   (You found it on level 8 of the Dungeon)
 H - a +2 cloak (worn)
   (You took it off Maurice on level 11 of the Dungeon)
Jewellery
 q - a ring of flight (left claw)
   (You found it on level 5 of the Dungeon)
 y - a ring of protection from fire (right claw)
   (You found it on level 8 of the Dungeon)
 B - a ring of see invisible
   (You found it on level 4 of the Lair of Beasts)
 F - an amulet of reflection (around neck)
   (You found it on level 10 of the Dungeon)
 N - a ring of protection from cold
   (You found it on level 5 of the Lair of Beasts)
Wands
 x - a wand of digging (7)
   (You found it on level 8 of the Dungeon)
 D - a wand of iceblast (10)
   (You found it on level 9 of the Dungeon)
 I - a wand of acid (10)
   (You found it on level 11 of the Dungeon)
Scrolls
 a - 3 scrolls of fear
 g - 3 scrolls of fog
 j - a scroll of magic mapping {unknown}
 n - a scroll of blinking
 p - a scroll of amnesia {unknown}
 r - 7 scrolls of teleportation {@r4}
 s - 3 scrolls of immolation {!r}
 v - 2 scrolls of enchant armour
 z - 2 scrolls of vulnerability {!r}
 J - a scroll of silence
 M - a scroll of holy word {unknown}
Potions
 b - 2 potions of heal wounds {@q2}
 c - 5 potions of curing {@q1}
 d - a potion of magic
 e - 6 potions of brilliance
 f - a potion of attraction {!q}
 h - a potion of invisibility
 i - 5 potions of haste {@q3}
 l - 9 potions of mutation {!q}
 t - 3 potions of lignification {!q}
 C - 2 potions of berserk rage
 E - 2 potions of flight {unknown}
 G - 2 potions of cancellation
 K - 3 potions of resistance


   Skills:
 + Level 8.8 Fighting
 + Level 6.2 Armour
 - Level 7.2 Dodging
 * Level 14.9 Unarmed Combat
 - Level 2.0 Spellcasting
 + Level 8.2 Transmutations
 + Level 5.4 Invocations


You had 13 spell levels left.
You knew the following spells:

 Your Spells              Type           Power      Damage    Failure   Level
a - Beastly Appendage     Tmut           44%        N/A       2%          1
b - Wereblood             Tmut           22%        N/A       4%          2

Your spell library contained the following spells:

 Spells                   Type           Power      Damage    Failure   Level
 Passwall                 Tmut/Erth      9%         N/A       22%         2
 Spider Form              Tmut/Pois      11%        N/A       38%         3
 Magic Dart               Conj           4%         1d3       58%         1
 Blink                    Tloc           2%         N/A       75%         2
 Call Imp                 Summ           1%         N/A       75%         2
 Ensorcelled Hibernation  Hex/Ice        2%         N/A       75%         2
 Ice Form                 Ice/Tmut       11%        N/A       80%         4
 Lesser Beckoning         Tloc           1%         N/A       92%         3
 Mephitic Cloud           Conj/Pois/Air  1%         N/A       92%         3
 Summon Guardian Golem    Hex/Summ       1%         N/A       92%         3
 Swiftness                Air            1%         N/A       92%         3
 Iskenderun's Battlesphe  Conj           1%         2d6       100%        5
 Manifold Assault         Tloc           1%         N/A       100%        5
 Iron Shot                Conj/Erth      0%         9d1       100%        6
 Orb of Destruction       Conj           0%         9d5       100%        7
 Spellforged Servitor     Conj/Summ      0%         N/A       100%        7


Dungeon Overview and Level Annotations

Branches:
Dungeon (14/15)            Temple (1/1) D:4            Lair (6/6) D:9
  Swamp (0/4) Lair:2        Snake (0/4) Lair:3          Orc (0/2) D:10
  Slime: Lair:5-6    Vaults: D:13-14

Altars:
Ashenzari
Cheibriados
Dithmenos
Elyvilon
Fedhas
Gozag
Hepliaklqana
Kikubaaqudgha
Makhleb
Nemelex Xobeh
Okawaru
Qazlal
Ru
Sif Muna
Trog
Uskayaw
Vehumet
Wu Jian
Xom
Yredelemnul
Zin
The Shining One
Beogh

Shops:
D:1 *   D:8 ?(   D:10 :

Annotations:
D:3 2 transporters, CrazyMind's ghost, amateur GnBr
Lair:6 Nessos


Innate Abilities, Weirdness & Mutations

You are too large for most types of armour.
You have claws for hands.
Your natural rate of healing is unusually fast.
You are covered in fur. (AC +1)
You have tough skin. (AC +1)


Message History

You feel much better.
The wyvern bites the plant!
The plant begins to die.
The rime drake closely misses you.
The cane toad stings you but does no damage.
The wyvern bites the plant!
The rime drake bites you but does no damage.
The yak is engulfed in calcifying dust.
The yak is moving more slowly.
You hear a trumpeting!
You can no longer merge with and destroy a victim.
Blink to where?
As you read the scroll of blinking, it crumbles to dust.
The komodo dragon hisses angrily.
The rime drake stops moving altogether!
The catoblepas breathes a plume of calcifying dust at you.
The blast of calcifying dust hits the rime drake.
The blast of calcifying dust hits you.
* * * LOW HITPOINT WARNING * * *
You are engulfed in calcifying dust.
You are slowing down.
You fly upwards.
You have turned to stone.
Uskayaw will no longer force your foes to share their pain.
Uskayaw will no longer force your foes to helplessly watch your dance.
You can no longer pass through a line of other dancers.
You turn to flesh and can move again.
There is a stone staircase leading down here.
Unknown command.
You start resting.
You start waiting.
Done waiting.
There is a stone staircase leading down here.
You fly downwards.
Level annotation: Nessos The dream sheep bleats! x3; The catoblepas bellows!
The wolf howls! x2
The blink frog gives a loud, deep croak!
You hear an angry hiss.
You hear an angry buzzing noise.
A five-headed hydra comes into view.
The wolf bites you but does no damage.
There is a stone staircase leading up, spattered with blood here.
Unknown command.
Unknown command.
You mangle the wolf!!
You kill the wolf!
The catoblepas breathes a plume of calcifying dust at you.
The blast of calcifying dust hits the dream sheep.
The blast of calcifying dust hits you.
You are engulfed in calcifying dust.
The wolf is engulfed in calcifying dust.
The wolf is moving more slowly.
The wolf bites you but does no damage.
The dream sheep shake their wool and sparkle.
You feel drowsy...
You fall asleep.
The dream sheep is engulfed in calcifying dust.
The dream sheep is moving more slowly.
The dream sheep bites you!!
You wake up.
The hornet buzzes angrily.
You fly upwards.
There is a stone staircase leading down here.
Unknown command.
Unknown command.
You scratch the wolf. The wolf bites you. You block the wolf's attack.
The dream sheep bites you but does no damage.
You catch the helpless wolf completely off-guard!
You scratch the wolf. The wolf closely misses you.
You can now pass through a line of other dancers.
You scratch the wolf. The wolf barely misses you.
The dream sheep bites you but does no damage.
You mangle the wolf!! The wolf bites you but does no damage.
The dream sheep bites you but does no damage.
You scratch the wolf but do no damage.
The dream sheep stops moving altogether!
You block the wolf's attack. x2
The helpless dream sheep fails to defend itself.
You mangle the dream sheep!!
The wolf stops moving altogether!
Uskayaw will force your foes to helplessly watch your dance.
Uskayaw prepares the audience for your solo!
The helpless wolf fails to defend itself.
You scratch the wolf.
You kill the wolf!
The helpless dream sheep fails to defend itself.
You scratch the dream sheep but do no damage.
The dream sheep is no longer paralysed.
The helpless dream sheep fails to defend itself.
You claw the dream sheep!
The helpless dream sheep fails to defend itself.
You mangle the dream sheep!!
You kill the dream sheep!
No target in view!
You start resting.
You see here a dream sheep corpse.
There is a stone staircase leading down here.
You fly downwards.
Level annotation: Nessos
There is a stone staircase leading up, spattered with blood here.
The dream sheep bleats!
The dream sheep ruffles its wool and motes of dream dust sparkle, to no effect.
You claw the dream sheep!
The dream sheep bites you but does no damage.
You scratch the dream sheep. You claw the dream sheep!
You kill the dream sheep!
You can now pass through a line of other dancers.
No target in view!
No target in view!
Nessos shouts!
Nessos wields a +3 longbow of flaming.
It bursts into flame!
Nessos shoots an arrow.
The arrow closely misses you.
Nessos shoots an arrow.
The arrow barely misses you.
Nessos shoots an arrow.
The arrow hits you! The arrow burns you.
You are poisoned.
There is a stone staircase leading up, spattered with blood here.
You feel very sick.
Nessos casts a spell.
Nessos seems to speed up.
A black mamba comes into view.
You feel very sick.
The black mamba hisses angrily.
Nessos shoots an arrow.
The arrow hits you! The arrow burns you.
Nessos shoots an arrow.
The arrow closely misses you.
You feel very sick.
Nessos mumbles some strange words.
Nessos blinks!
Nessos shoots an arrow.
The arrow completely misses you.
You feel very sick.
Nessos shoots an arrow.
You reflect the arrow off an invisible shield around you!
The arrow hits the black mamba!
The arrow burns the black mamba.
The black mamba bites you.
Nessos shoots an arrow.
The arrow hits you! The arrow burns you.
You are more poisoned.
The black mamba completely misses you.
You can no longer pass through a line of other dancers.
You feel very sick.
Nessos shoots an arrow.
The arrow hits you!!
* * * LOW HITPOINT WARNING * * *
The arrow burns you.
You are lethally poisoned!
* * * LOW HITPOINT WARNING * * *
Nessos mumbles some strange words.
Nessos blinks!
You feel better.
Nessos shoots an arrow.
The arrow hits you!
* * * LOW HITPOINT WARNING * * *
The arrow burns you.
* * * LOW HITPOINT WARNING * * *
The black mamba bites you.
* * * LOW HITPOINT WARNING * * *
Nessos shoots an arrow.
The arrow hits you!
* * * LOW HITPOINT WARNING * * *
The arrow burns you.
You are lethally poisoned!
* * * LOW HITPOINT WARNING * * *
You block the black mamba's attack.
Nessos shoots an arrow.
The arrow completely misses you.
You feel better.
Nessos shoots an arrow.
The arrow hits you!!
You die...

# #. . .... # ###
###.#.#.#.
..#..###..........
.........#.#.#.#.#.##
.....c..............#
.........#.#.#.#.#.#
...................
.......S@#.#.#.#.#
..................
.ยง.......#.#.#.#.#.##
.##.###P...<........#
## ##.#.#.#.#.#.#.
#..........
##.#.#.#.#.#
#............
###....###.#.#


You could see Nessos (fast) and a black mamba.

Vanquished Creatures
  4 hydras
  A boulder beetle (D:12)
  A centaur warrior (D:13)
  A two-headed ogre (D:11)
  13 death yaks
  Urug (D:12)
  Sonja (Lair:4)
  3 skeletal warriors
  A wolf spider (Lair:6)
  5 elephants (Lair:1)
  Maurice (D:11)
  7 black mambas
  3 unseen horrors
  10 cane toads
  7 komodo dragons
  2 kobold demonologists
  2 rime drakes
  A polar bear (Lair:5)
  3 meliai (D:13)
  A hornet (D:7)
  2 dream sheep
  A meliai zombie (D:10)
  2 blink frogs (Lair:5)
  A shadow (D:11)
  7 wyverns
  38 yaks
  4 wraiths
  2 vampires
  A basilisk (Lair:4)
  Edmund (D:4)
  19 water moccasins
  A necrophage (D:6)
  3 orc warriors
  2 sky beasts
  An ice beast (D:5)
  A black bear (Lair:5)
  11 wolves
  A phantom (D:7)
  6 centaurs
  5 kobold brigands
  8 bullfrogs
  A gnoll sergeant (D:9)
  A wyvern zombie (D:6)
  2 scorpions
  A wyvern skeleton (D:3)
  A water moccasin zombie (D:5)
  9 wights
  2 howler monkeys (D:8)
  3 electric eels (Lair:1)
  A centaur zombie (D:10)
  2 jellies
  A bullfrog zombie (D:5)
  5 orc priests
  A bullfrog skeleton (D:7)
  2 gnoll shamans
  2 hounds
  4 iguanas
  2 centaur skeletons
  Ijyb (D:4)
  7 orc wizards
  Terence (D:2)
  A killer bee zombie (D:4)
  A hound skeleton (D:4)
  14 gnolls
  3 howler monkey zombies
  3 adders
  3 shadow imps
  2 ufetubi
  2 adder skeletons (D:4)
  A worm (D:2)
  5 dart slugs
  51 orcs
  4 bat zombies (D:6)
  6 endoplasms
  3 giant cockroaches
  7 goblins
  3 hobgoblins
  12 jackals
  16 kobolds
  2 quokkas
  8 ball pythons
  2 bats (D:1)
  2 frilled lizards
  4 rats (D:1)
  A rat zombie (D:6)
390 creatures vanquished.

Vanquished Creatures (others)
  32 fungi
  40 plants
72 creatures vanquished.

Grand Total: 462 creatures vanquished

Notes
Turn   | Place    | Note
-------+----------+-------------------------------------------
     0 | D:1      | CryoSword the Troll Transmuter began the quest for the Orb.
     0 | D:1      | Reached XP level 1. HP: 18/18 MP: 1/1
   156 | D:1      | Reached skill level 1 in Fighting
   223 | D:1      | Reached XP level 2. HP: 27/27 MP: 0/2
   269 | D:1      | Found Gioxasa's General Store.
   277 | D:1      | Bought a potion of degeneration for 11 gold pieces
   277 | D:1      | Bought a scroll of noise for 11 gold pieces
   300 | D:1      | Learned a level 2 spell: Wereblood
   609 | D:1      | Reached XP level 3. HP: 33/33 MP: 0/3
   949 | D:2      | Found a faded altar of an unknown god.
  1030 | D:2      | Noticed Terence
  1036 | D:2      | Killed Terence
  1198 | D:2      | Reached XP level 4. HP: 41/41 MP: 2/4
  1648 | D:2      | Reached skill level 4 in Unarmed Combat
  1922 | D:3      | Noticed CrazyMind's ghost (amateur GnBr)
  1922 | D:3      | Found a transporter.
  1922 | D:3      | Found a transporter.
  1931 | D:3      | Reached XP level 5. HP: 36/49 MP: 3/5
  2509 | D:4      | Noticed Ijyb
  2525 | D:4      | Killed Ijyb
  2686 | D:4      | Found a hazy altar of Hepliaklqana.
  2686 | D:4      | Found an opulent altar of Gozag.
  2844 | D:4      | Reached XP level 6. HP: 57/57 MP: 4/6
  3031 | D:4      | Reached skill level 5 in Unarmed Combat
  3038 | D:4      | Noticed Edmund
  3132 | D:4      | Killed Edmund
  3181 | D:4      | Found a sacrificial altar of Ru.
  3310 | D:4      | Found a staircase to the Ecumenical Temple.
  3315 | Temple   | Entered the Ecumenical Temple
  3440 | D:4      | Reached XP level 7. HP: 66/66 MP: 5/7
  3802 | D:5      | Entered Level 5 of the Dungeon
  3925 | D:5      | Reached skill level 6 in Unarmed Combat
  4097 | D:5      | Found a hide-covered altar of Uskayaw.
  4098 | D:5      | Found a burning altar of Makhleb.
  4099 | D:5      | Found an ornate altar of the Wu Jian Council.
  4100 | D:5      | Found a blossoming altar of Fedhas.
  4103 | D:5      | Became a worshipper of Uskayaw the Reveller
  4199 | D:5      | Reached * piety under Uskayaw
  4382 | D:5      | Reached XP level 8. HP: 71/75 MP: 6/8
  4528 | D:5      | Reached ** piety under Uskayaw
  4529 | D:5      | Reached *** piety under Uskayaw
  4702 | D:6      | Reached skill level 7 in Unarmed Combat
  5311 | D:1      | Bought a scroll of enchant armour for 82 gold pieces
  5311 | D:1      | Bought a potion of curing for 33 gold pieces
  5567 | D:6      | Found an ancient bone altar of Kikubaaqudgha.
  6398 | D:7      | Noticed a hornet
  6401 | D:7      | Paralysed by a hornet for 1 turns
  6404 | D:7      | Killed a hornet
  6405 | D:7      | Reached skill level 8 in Unarmed Combat
  6405 | D:7      | Reached XP level 9. HP: 43/85 MP: 7/9
  6713 | D:7      | Found a broken altar of Ashenzari.
  6961 | D:8      | Found Arhama's Weapon Emporium.
  7312 | D:8      | Found a runed translucent door.
  7372 | D:8      | Found Joth's Magic Scroll Boutique.
  7569 | D:8      | Bought a scroll of identify for 28 gold pieces
  7569 | D:8      | Bought a scroll of teleportation for 42 gold pieces
  7569 | D:8      | Bought a scroll of immolation for 49 gold pieces
  7569 | D:8      | Bought a scroll of identify for 28 gold pieces
  7655 | D:8      | Reached **** piety under Uskayaw
  7663 | D:8      | Reached ***** piety under Uskayaw
  7773 | D:9      | Reached skill level 5 in Dodging
  7778 | D:9      | Reached skill level 1 in Armour
  7778 | D:9      | Reached skill level 1 in Invocations
  7855 | D:9      | Reached skill level 9 in Unarmed Combat
  7973 | D:9      | Found an iron altar of Okawaru.
  8067 | D:9      | Reached skill level 5 in Fighting
  8096 | D:9      | Noticed a death yak
  8097 | D:9      | Noticed a death yak
  8097 | D:9      | Noticed a death yak
  8097 | D:9      | Noticed a death yak
  8150 | D:9      | Found a staircase to the Lair.
  8153 | D:9      | Noticed a death yak
  8155 | D:9      | Identified the +9 war axe of Outrage {speed, Int+2}
  8174 | D:8      | Killed a death yak
  8175 | D:8      | Reached XP level 10. HP: 87/96 MP: 8/10
  8188 | D:9      | Noticed a death yak
  8189 | D:9      | Noticed a death yak
  8238 | D:7      | Killed a death yak
  8239 | D:7      | Reached skill level 5 in Transmutations
  8303 | D:8      | Killed a death yak
  8386 | D:9      | Killed a death yak
  8591 | D:9      | Killed a death yak
  8592 | D:9      | Reached skill level 10 in Unarmed Combat
  8806 | D:8      | Killed a death yak
  8870 | D:9      | Killed a death yak
  9058 | D:9      | Found a snail-covered altar of Cheibriados.
  9093 | D:9      | Reached XP level 11. HP: 102/105 MP: 10/12
  9108 | D:9      | Found a glowing golden altar of the Shining One.
  9264 | D:9      | Found a staircase to the Lair.
  9521 | D:9      | Found an iron altar of Okawaru.
  9794 | D:9      | Found a snail-covered altar of Cheibriados.
  9828 | D:9      | Found a glowing golden altar of the Shining One.
  9851 | D:10     | Entered Level 10 of the Dungeon
 10054 | D:10     | Reached skill level 5 in Armour
 10134 | D:10     | Found Byniwepp's Book Emporium.
 10705 | D:10     | Found a staircase to the Orcish Mines.
 10804 | D:11     | You are sucked into a shaft and drop 2 floors!
 10816 | D:13     | Noticed a centaur warrior
 10829 | D:13     | Killed a centaur warrior
 10830 | D:13     | Reached skill level 11 in Unarmed Combat
 10983 | D:13     | Noticed a skeletal warrior
 10983 | D:13     | Noticed a skeletal warrior
 11016 | D:13     | Noticed a skeletal warrior
 11029 | D:13     | Noticed a skeletal warrior
 11073 | D:12     | Noticed a boulder beetle
 11089 | D:12     | Killed a boulder beetle
 11300 | D:11     | Noticed a six-headed hydra
 11550 | D:8      | Bought a scroll of enchant armour for 105 gold pieces
 11700 | D:11     | Killed a one-headed hydra
 11824 | D:11     | Noticed Maurice
 11824 | D:11     | Paralysed by Maurice for 2 turns
 11848 | D:11     | Paralysed by something for 3 turns
 11855 | D:11     | Killed Maurice
 12214 | D:11     | Reached XP level 12. HP: 111/115 MP: 8/14
 12314 | D:11     | Noticed a two-headed ogre
 12324 | D:11     | Killed a two-headed ogre
 12479 | D:11     | Reached skill level 12 in Unarmed Combat
 12975 | D:12     | Noticed Urug
 12988 | D:12     | Killed Urug
 13081 | Lair:1   | Entered Level 1 of the Lair of Beasts
 13659 | Lair:1   | Reached skill level 13 in Unarmed Combat
 14029 | Lair:2   | Noticed a four-headed hydra
 14038 | Lair:2   | Killed a one-headed hydra
 14148 | Lair:2   | Found a staircase to the Swamp.
 14152 | Lair:2   | Reached skill level 5 in Invocations
 14838 | Lair:3   | Noticed a five-headed hydra
 14844 | Lair:3   | Reached ****** piety under Uskayaw
 14846 | Lair:3   | Killed a three-headed hydra
 14847 | Lair:3   | Reached XP level 13. HP: 53/127 MP: 13/15
 15307 | Lair:3   | Found a broken altar of Ashenzari.
 15419 | Lair:3   | Found a staircase to the Snake Pit.
 15468 | Lair:3   | Reached skill level 14 in Unarmed Combat
 15900 | D:1      | Bought a potion of resistance for 110 gold pieces
 16669 | Lair:4   | Noticed Sonja
 16687 | Lair:4   | Killed Sonja
 17186 | Lair:5   | Found an opulent altar of Gozag.
 17973 | Lair:6   | Entered Level 6 of the Lair of Beasts
 17980 | Lair:6   | Noticed Nessos
 18627 | Lair:6   | Shot with an arrow by Nessos

Illustrated notes

Levels and vault maps discovered:
D:1:      saegor_arrival_miasma, layout_loops_ring, serial_shops, shop,
          chequers_avenue
D:2:      layout_basic, ebering_ecumenical_altar_hall, uniq_terence
D:3:      layout_basic, gammafunk_ghost_mausoleum
D:4:      layout_basic, nicolae_ru_sacrificial_ziggurat,
          gammafunk_temple_overflow_elements, temple_statues, uniq_edmund,
          uniq_ijyb
D:5:      layout_basic, mainiacjoe_overflow_alcove_3, serial_aquarium,
          aquarium_bridge_square [aquarium_subvault_window,
          aquarium_subvault_bridge, aquarium_subvault_bridge,
          aquarium_subvault_balcony], aquarium_window_corridor_3,
          aquarium_window_fake, aquarium_window_fake, aquarium_view_2a,
          aquarium_balcony_double_4, item_on_display_a
D:6:      layout_layer_cave, lemuel_zombie_altar_kikubaaqudgha,
          grunt_ministairs_15, solitary_fountain
D:7:      layout_loops_cross, nicolae_ashenzari_skybound
D:8:      layout_cave_pools, serial_shops, shop,
          hangedman_abyss_or_decor_stagger, nicolae_inconvenience_store,
          hangedman_decor_growths, lightli_church_of_beogh
D:9:      layout_irregular_city, chei_slow_surprise,
          mainiacjoe_overflow_six_doors_small, lemuel_coloured_pillars_altar,
          dpeg_lair_monsters
D:10:     layout_roguey, hiddenorc1_lemuel, grunt_ministairs_2,
          chequers_serial_rivers_small_b, kennysheep_small_circle
D:11:     layout_long_grid, bh_walls_and_bars, uniq_maurice
D:12:     layout_long_grid, uniq_urug
D:13:     layout_cave_pools, grunt_vaults_entry_fortified,
          nicolae_uskayaw_murder_on_the_dancefloor
D:14:     layout_roguey, chequers_serial_rivers_room_a,
          nicolae_straight_to_the_point
Temple:   eino_wide_crystal_templ
Lair:1:   layout_gridlike, serial_bayou_shore_a
Lair:2:   layout_chaotic_city, swamp_mist, chequers_serial_rivers_micro_e,
          chequers_serial_rivers_large_b, lemuel_fruit_tree
Lair:3:   layout_regular_city, minmay_snake_entry_six_corridors, basic_altar
Lair:4:   layout_layer_cave, uniq_sonja
Lair:5:   layout_regular_city, basic_altar, infiniplex_staircase_pool_2
Lair:6:   hangedman_lair_tendril_chambers, layout_long_grid, slime_dummy,
          chequers_serial_rivers_small_a, st_stairs_11, uniq_nessos

Skill      XL: |  1  2  3  4  5  6  7  8  9 10 11 12 13 |
---------------+----------------------------------------+-----
Fighting       | 1 2 3 4 5 6 7 8 |  8.8
Dodging        | 2 3 4 5 6 7 |  7.2
Transmutations | 2 3 4 5 6 7 8 |  8.2
Unarmed Combat | 4 5 6 8 9 10 11 13 14 | 14.9
Armour         | 2 4 6 |  6.2
Invocations    | 2 3 4 5 |  5.4
Spellcasting   | 2 |  2.0

Action                   |  1- 3 |  4- 6 |  7- 9 | 10-12 | 13-15 || total
-------------------------+-------+-------+-------+-------+-------++-------
Melee: Unarmed           |    57 |   113 |   286 |   521 |   278 ||  1255
       Kick              |     9 |    22 |    55 |   139 |    41 ||   266
       Headbutt          |     4 |    16 |    35 |    96 |    22 ||   173
       Punch             |     1 |     3 |    13 |    31 |    24 ||    72
       Hand axe          |       |       |       |    13 |    10 ||    23
Throw: Dart              |       |       |       |    12 |       ||    12
       Throwing net      |       |       |       |     1 |       ||     1
 Cast: Beastly Appendage |    18 |    29 |    33 |    46 |    20 ||   146
       Wereblood         |       |       |     3 |    14 |     4 ||    21
  Use: Scroll            |       |     2 |     4 |    10 |    11 ||    27
       Potion            |       |       |       |     4 |     7 ||    11
 Stab: Sleeping          |     1 |       |       |       |       ||     1
       Paralysed         |       |       |     8 |    33 |    14 ||    55
       Petrified         |       |       |       |       |     6 ||     6
       Petrifying        |       |       |       |       |     1 ||     1
Armor: Robe              |    23 |    31 |    89 |       |       ||   143
       Pearl dragon scal |       |       |    23 |   271 |   166 ||   460
Dodge: Dodged            |    26 |    50 |   145 |   164 |   106 ||   491
Block: Other             |       |       |       |    65 |    58 ||   123
       Reflection        |       |       |       |     2 |     2 ||     4
